 Dungeon Crawl Stone Soup version 0.27.1 (webtiles) character file.

Game seed: 11634640847307700201

306 BennyTheCat the Skirmisher (level 6, -6/56 HPs)
             Began as a Minotaur Berserker on Aug 20, 2021.
             Was a Believer of Trog.
             Succumbed to a kobold brigand's curare-tipped dart
             ... in a sewer on Aug 27, 2021.
             The game lasted 00:15:35 (2407 turns).

BennyTheCat the Skirmisher (Minotaur Berserker)     Turns: 2407, Time: 00:15:36

Health: -6/56      AC: 12    Str: 24    XL:     6   Next: 16%
Magic:  5/5        EV:  7    Int:  4    God:    Trog [**....]
Gold:   88         SH:  4    Dex:  9    Spells: 5/5 levels left

rFire    . . .     SeeInvis .   c - +0 hand axe
rCold    . . .     Faith    .   i - +0 buckler
rNeg     . . .     Spirit   .   e - +0 plate armour
rPois    .         Reflect  .   (helmet restricted)
rElec    .         Harm     .   (no cloak)
rCorr    .         Rampage  .   (no gloves)
Will     .....                  (no boots)
Stlth    ..........             (no amulet)
HPRegen  0.18/turn              (no ring)
MPRegen  0.09/turn              (no ring)

@: lethally poisoned (-6 -> -32), slowed, very slow
A: horns 2, retaliatory headbutt
a: Renounce Religion, Berserk, Trog's Hand


You were in a sewer.
You worshipped Trog.
Trog was pleased with you.
You visited 1 branch of the dungeon, and saw 3 of its levels.
You also visited: Sewer.

You collected 88 gold pieces.

Inventory:

Hand Weapons
 c - a +0 hand axe (weapon)
Missiles
 b - 35 stones (quivered)
 l - a curare-tipped dart
Armour
 e - a +0 plate armour (worn)
 i - a +0 buckler (worn)
Scrolls
 a - a scroll of immolation {unknown}
 d - 3 scrolls of identify {unknown}
 f - a scroll of silence {unknown}
 h - 2 scrolls of vulnerability {unknown}
 j - 2 scrolls of amnesia {unknown}
 n - a scroll of teleportation {unknown}
Potions
 g - a potion of flight {unknown}
 k - a potion of curing {unknown}
 m - a potion of resistance {unknown}


   Skills:
 + Level 5.3 Fighting
 + Level 4.7 Axes
 + Level 4.6 Armour
 - Level 3.0 Dodging
 + Level 2.8 Shields


You had 5 spell levels left.
You didn't know any spells.
Your spell library was empty.

Dungeon Overview and Level Annotations

Branches:
Dungeon (3/15)              Sewer (1/1)

Altars:


Innate Abilities, Weirdness & Mutations

You have a pair of horns on your head.
You reflexively headbutt those who attack you in melee.


Message History

You are more poisoned.
You have difficulty breathing.
You feel as though you will be slow longer.
The kobold brigand throws a curare-tipped dart.
The curare-tipped dart hits you.
You are more poisoned.
You have difficulty breathing.
You feel as though you will be slow longer.
Throw: 37 stones
Press: ? - help, Q - select action, (/) - cycle Shift-Dir - straight line, f/p - kobold brigand
Aim: a kobold brigand, wielding a +0 dagger and quivering curare-tipped darts (45% to hit)
You throw a stone.
The stone closely misses the kobold brigand.
You hear a splash.
You feel extremely sick.
Throw: 36 stones
Press: ? - help, Q - select action, (/) - cycle Shift-Dir - straight line, f/p - kobold brigand
Aim: a kobold brigand, wielding a +0 dagger and quivering curare-tipped darts (47% to hit)
You throw a stone.
The stone hits the kobold brigand but does no damage.
You hear a splash.
* * * LOW HITPOINT WARNING * * *
You feel extremely sick.
The kobold brigand throws a curare-tipped dart.
The curare-tipped dart barely misses you.
The kobold brigand throws a curare-tipped dart.
The curare-tipped dart hits you.
You are lethally poisoned!
You have difficulty breathing.
* * * LOW HITPOINT WARNING * * *
You feel as though you will be slow longer.
Welcome back, BennyTheCat the Minotaur Berserker.
Trog says: Kill them all!
Press ? for a list of commands and other information.
Welcome back, BennyTheCat the Minotaur Berserker.
Trog says: Kill them all!
Press ? for a list of commands and other information.
You enter the shallow water.
Moving in this stuff is going to be slow.
You die...

..≈.≈.≈≈.≈≈. #≈≈...≈..≈..
#.≈≈.≈≈..... #≈.≈≈≈≈.∩.∩≈
#≈.≈.≈...... ###
##≈≈.≈≈.≈.... .≈≈≈≈#####
##≈.≈.≈≈.≈≈≈≈.
#≈≈((≈####..≈≈##≈≈≈≈≈≈.
.K≈≈≈###K@....≈.####≈..≈..
### #≈†≈.≈≈.≈# ##..≈≈..
#≈≈..≈..####.≈≈≈≈≈≈
#≈≈≈≈≈########.≈≈≈≈≈≈≈.
≈≈##### #≈≈≈..#####
#≈≈≈.## # #≈≈≈## #.≈.#
#≈≈.#


You could see a kobold brigand.

Vanquished Creatures
  2 kobold brigands (Sewer)
  3 gnolls (D:2)
  5 adders
  A river rat (D:3)
  2 worms
  2 dart slugs (D:3)
  6 orcs (D:3)
  7 ball pythons
  3 bats (D:2)
  4 endoplasms
  2 giant cockroaches (D:1)
  2 goblins
  7 hobgoblins
  6 jackals
  2 quokkas
  A frilled lizard (D:3)
  6 kobolds
  5 rats
66 creatures vanquished.

Notes
Turn   | Place    | Note
-------+----------+-------------------------------------------
     0 | D:1      | BennyTheCat the Minotaur Berserker began the quest for the
                  | Orb.
     0 | D:1      | Reached XP level 1. HP: 19/19 MP: 0/0
   574 | D:1      | Reached XP level 2. HP: 19/27 MP: 1/1
   747 | D:1      | Reached skill level 4 in Fighting
   774 | D:1      | Found a faded altar of an unknown god.
  1049 | D:2      | Reached XP level 3. HP: 32/33 MP: 2/2
  1292 | D:2      | Reached ** piety under Trog
  1297 | D:2      | Reached skill level 1 in Shields
  1297 | D:2      | Reached XP level 4. HP: 41/41 MP: 3/3
  1770 | D:3      | Found a glowing drain.
  1798 | Sewer    | Entered a sewer
  1886 | Sewer    | Noticed a kobold brigand
  1903 | Sewer    | Killed a kobold brigand
  1904 | Sewer    | Reached skill level 5 in Fighting
  1904 | Sewer    | Reached XP level 5. HP: 32/48 MP: 4/4
  2121 | Sewer    | Reached XP level 6. HP: 42/56 MP: 5/5
  2407 | Sewer    | Upgraded the game from 0.27.0-66-gdc8fb28755 to 0.27.1
  2407 | Sewer    | Succumbed to a kobold brigand's curare-tipped dart

Illustrated notes

Levels and vault maps discovered:
D:1:      lemuel_arrival_cross, layout_loops_ring,
          hellmonk_ecumenical_altar_crossroads
D:2:      layout_rooms, serial_glass, glass_columns_b, glass_columns_a
D:3:      layout_basic, serial_shops, shop, portal_sewer_entry_c
Sewer:    sewer_co_tree

Skill      XL: |  1  2  3  4 |
---------------+-------------+-----
Fighting       | 4 5 |  5.3
Armour         | 3 4 |  4.6
Dodging        | 3 |  3.0
Shields        | 1 2 |  2.8
Axes           | 4 |  4.7

Action                   |  1- 3 |  4- 6 || total
-------------------------+-------+-------++-------
Melee: Hand axe          |    79 |    87 ||   166
       Headbutt          |    16 |    12 ||    28
Throw: Stone             |     9 |    10 ||    19
Invok: Berserk           |       |     2 ||     2
Armor: Scale mail        |     5 |       ||     5
       Plate armour      |    38 |    43 ||    81
Dodge: Dodged            |    31 |    23 ||    54
Block: Buckler           |     2 |    14 ||    16
